Map: Романтицид РВ

Players

Kantara

  • Race: Protoss Protoss
  • League: Diamond

Maobao - Winner!

  • Race: Zerg Zerg

VOD

Have the link to the VOD?

Description

Time

  • Played on: July 22, 2021, 1:23 p.m.
  • Length: 19:38
Show
View Real Time Build Order
Export as new Build Order

Kantara Protoss 

Build Orders: 1 Gate Expand, Carriers 

Get SALT Encoding   

  12  0:01  Probe  
  13  0:13  Probe  
  14  0:18  Pylon  
  14  0:27  Probe (Chrono Boost)  
  15  0:39  Gateway, Probe (Chrono Boost)  
  16  0:44  Probe (Chrono Boost)  
  16  0:47  Assimilator  
  17  0:54  Probe  
  18  1:06  Probe  
  19  1:18  Probe  
  20  1:25  Nexus  
  20  1:35  Cybernetics Core  
  20  1:40  Probe  
  20  1:45  Assimilator  
  21  1:50  Pylon  
  21  1:55  Probe (Chrono Boost)  
  22  2:05  Probe (Chrono Boost)  
  23  2:11  Probe (Chrono Boost), Stalker  
  26  2:20  Shield Battery  
  27  2:23  Probe (Chrono Boost)  
  27  2:28  Probe (Chrono Boost)  
  28  2:33  Stargate  
  28  2:38  Probe  
  29  2:44  Forge  
  29  2:48  Sentry  
  32  2:55  Probe (Chrono Boost)  
  32  2:57  Assimilator, Probe (Chrono Boost)  
  33  3:00  Probe (Chrono Boost)  
  34  3:06  Assimilator, Probe  
  34  3:10  Probe  
  36  3:13  Void Ray  
  36  3:18  Probe  
  41  3:26  Pylon  
  41  3:34  Probe (Chrono Boost)  
  43  3:35  Probe (Chrono Boost)  
  43  3:45  Probe (Chrono Boost)  
  43  3:46  Probe (Chrono Boost)  
  45  3:52  Probe x2 (Chrono Boost)  
  47  4:05  Stargate  
  47  4:07  Fleet Beacon  
  47  4:12  Pylon  
  47  4:13  Probe (Chrono Boost)  
  49  4:18  Probe (Chrono Boost)  
  49  4:25  Protoss Air Weapons Level 1  
  49  4:28  Probe x2 (Chrono Boost)  
  49  4:29  Photon Cannon  
  51  4:32  Pylon  
  51  4:37  Probe  
  52  4:39  Probe  
  53  4:50  Tempest  
  53  4:51  Tempest  
  63  4:56  Probe (Chrono Boost)  
  65  5:00  Probe (Chrono Boost)  
  65  5:10  Nexus  
  65  5:12  Probe (Chrono Boost)  
  65  5:13  Probe (Chrono Boost)  
  67  5:23  Probe, Pylon  
  67  5:28  Probe  
  69  5:35  Probe  
  75  5:44  Pylon  
  75  5:48  Tempest (Chrono Boost)  
  75  5:50  Photon Cannon  
  75  5:53  Pylon  
  75  5:59  Probe x2, Tempest (Chrono Boost)  
  82  6:11  Probe  
  82  6:12  Probe  
  84  6:21  Photon Cannon  
  84  6:22  Photon Cannon  
  84  6:23  Probe  
  84  6:24  Probe  
  84  6:25  Unknown  
  86  6:36  Probe x2  
  86  6:50  Probe x3  
  85  7:02  Probe, Void Ray x2  
  85  7:07  Probe x2  
  96  7:11  Mothership (Chrono Boost)  
  96  7:14  Probe, Pylon  
  96  7:15  Pylon x2  
  97  7:17  Cybernetics Core  
  94  7:24  Probe x2  
  99  7:36  Probe x2  
  91  7:39  Void Ray x2  
  86  7:44  Pylon  
  86  7:45  Pylon  
  86  7:46  Pylon  
  86  7:48  Probe x2, Pylon  
  86  7:49  Twilight Council  
  86  7:50  Protoss Air Weapons Level 2 (Chrono Boost)  
  96  7:52  Pylon  
  96  7:54  Photon Cannon  
  96  7:56  Warp Gate (Chrono Boost)  
  96  7:57  Photon Cannon  
  98  8:06  Probe x2 (Chrono Boost), Photon Cannon  
  98  8:08  Pylon  
  100  8:13  Probe x2 (Chrono Boost)  
  100  8:26  Assimilator  
  102  8:27  Assimilator, Probe x2 (Chrono Boost)  
  102  8:28  Shield Battery, Void Ray  
  102  8:31  Photon Cannon  
  107  8:41  Probe (Chrono Boost)  
  107  8:46  Probe (Chrono Boost)  
  108  8:48  Pylon x2  
  108  8:49  Probe  
  108  8:54  Pylon  
  109  8:56  Shield Battery  
  109  8:59  Carrier (Chrono Boost)  
  115  9:04  Templar Archives  
  115  9:08  Probe (Chrono Boost)  
  117  9:12  Probe (Chrono Boost)  
  118  9:18  Probe (Chrono Boost)  
  118  9:20  Probe (Chrono Boost)  
  119  9:27  Probe (Chrono Boost)  
  121  9:31  Probe (Chrono Boost)  
  121  9:38  Probe (Chrono Boost)  
  122  9:43  Protoss Ground Weapons Level 1  
  122  9:44  Psionic Storm  
  128  9:47  High Templar  
  128  9:50  Carrier (Chrono Boost)  
  130  9:53  Protoss Air Armor Level 1 (Chrono Boost)  
  130  9:54  Nexus  
  130  9:59  Probe x2  
  132  10:02  Carrier (Chrono Boost)  
  138  10:08  Probe  
  138  10:11  Probe x2  
  141  10:17  Pylon  
  141  10:20  Probe  
  142  10:23  Gateway  
  142  10:24  Gateway, High Templar  
  129  11:03  Carrier x2 (Chrono Boost)  
  129  11:08  High Templar  
  143  11:13  Nexus  
  143  11:15  Pylon x2  
  143  11:17  Assimilator x2  
  143  11:18  Probe x2  
  145  11:25  Robotics Facility  
  145  11:28  Pylon  
  145  11:31  Pylon  
  145  11:33  Pylon  
  145  11:35  High Templar x2  
  149  11:40  Protoss Air Weapons Level 3 (Chrono Boost)  
  149  11:41  Probe x3  
  149  11:45  Photon Cannon  
  152  11:47  Shield Battery  
  152  11:53  Probe  
  110  12:13  Zealot x3  
  103  12:39  Zealot x3  
  103  12:42  Void Ray (Chrono Boost)  
  93  12:52  Void Ray (Chrono Boost)  
  87  13:09  Charge (Chrono Boost), Zealot x3  
  79  13:18  Void Ray  
  77  13:22  Void Ray  
  85  13:41  Nexus  
  85  13:43  Photon Cannon  
  85  13:44  High Templar x2  
  85  13:45  Photon Cannon  
  85  13:47  Pylon  
  89  13:53  High Templar  
  89  13:55  Archon  
  91  14:01  Gateway  
  91  14:18  High Templar  
  91  14:21  Probe (Chrono Boost)  
  91  14:22  Probe (Chrono Boost)  
  95  14:24  Void Ray  
  101  14:31  Probe x2 (Chrono Boost)  
  101  14:35  Void Ray  
  101  14:36  Probe x2 (Chrono Boost)  
  108  14:53  Probe (Chrono Boost)  
  108  14:54  Observer  
  99  15:18  Zealot x2  
  99  15:19  Zealot x2  
  76  15:42  Tempest x2  
  78  15:55  Zealot x4  
  84  16:05  Probe x3  
  81  16:19  Zealot x4  
  89  16:27  Observer  
  89  16:28  Protoss Air Armor Level 2 (Chrono Boost)  
  90  16:34  Forge  
  90  16:36  Tempest x2 (Chrono Boost)  
  100  16:44  Probe x3  
  103  16:59  Nexus  
  103  17:05  High Templar x3  
  103  17:06  High Templar, Void Ray  
  111  17:15  Archon x2  
  94  17:29  Carrier (Chrono Boost)  
  90  17:39  Zealot  
  90  17:40  Zealot x3  
  98  18:00  High Templar x4  
  98  18:05  Archon x2  
  106  18:07  Probe (Chrono Boost)  
  109  18:13  Probe x2 (Chrono Boost)  
  109  18:17  Probe (Chrono Boost)  
  109  18:18  Pylon  
  109  18:19  Carrier (Chrono Boost)  
  116  18:29  Probe x3  
  116  18:32  Assimilator  
  119  18:36  Assimilator  
  119  18:40  Pylon  
  119  18:51  Zealot  
  119  18:52  Zealot x3  
  119  18:54  Probe (Chrono Boost)  
  129  19:00  Probe (Chrono Boost)  
  77  19:23  Zealot  
  77  19:24  Zealot x3  
Show
View Real Time Build Order
Export as new Build Order

Maobao Zerg - Winner!

Build Orders: Hatch First, Roach Hydra 

Get SALT Encoding   

  12  0:00  Drone  
  13  0:13  Overlord  
  13  0:17  Drone  
  14  0:31  Drone x2  
  16  0:51  Hatchery, Drone  
  16  1:05  Spawning Pool  
  16  1:08  Drone  
  16  1:18  Drone  
  17  1:21  Drone  
  17  1:22  Overlord  
  18  1:30  Extractor, Drone  
  18  1:43  Drone  
  19  1:53  Queen  
  21  1:55  Zergling x2  
  22  2:01  Drone  
  23  2:08  Queen  
  23  2:10  Drone  
  23  2:14  Zergling x2  
  27  2:16  Drone  
  28  2:28  Drone  
  29  2:33  Hatchery  
  28  2:39  Queen  
  30  2:47  Queen  
  30  2:51  Metabolic Boost  
  32  2:55  Drone  
  32  2:56  Drone  
  34  2:59  Drone  
  34  3:03  Overlord  
  35  3:21  Drone  
  35  3:22  Drone x2  
  35  3:23  Drone x2  
  35  3:24  Drone  
  41  3:29  Drone  
  41  3:31  Roach Warren  
  41  3:38  Drone  
  41  3:40  Drone x2  
  44  3:42  Extractor  
  43  3:50  Drone x2  
  43  3:51  Overlord  
  43  3:53  Drone  
  46  3:55  Drone x2  
  47  4:08  Spore Crawler  
  46  4:11  Spore Crawler  
  46  4:13  Drone x3  
  48  4:18  Spore Crawler  
  47  4:25  Drone x2  
  47  4:27  Overlord  
  47  4:28  Overlord  
  47  4:30  Lair  
  49  4:33  Evolution Chamber  
  49  4:34  Evolution Chamber  
  49  4:37  Drone  
  48  4:41  Overlord  
  48  4:44  Queen  
  50  4:48  Drone  
  50  4:49  Drone  
  50  4:50  Drone x2  
  50  4:52  Roach x5  
  64  5:01  Zerg Missile Weapons Level 1  
  64  5:02  Overlord  
  64  5:05  Extractor  
  63  5:07  Extractor  
  62  5:17  Overlord, Drone  
  62  5:18  Drone  
  62  5:19  Drone x8  
  72  5:28  Zerg Ground Armor Level 1  
  72  5:30  Drone  
  72  5:35  Overlord  
  73  5:44  Glial Reconstitution  
  73  5:46  Overlord x2  
  73  5:49  Zergling x2  
  74  5:50  Zergling x12  
  80  6:04  Hydralisk Den  
  80  6:05  Hatchery  
  79  6:15  Queen x2  
  79  6:16  Roach  
  79  6:17  Roach x8  
  99  6:45  Roach  
  99  6:46  Roach x3  
  98  6:55  Zergling x2  
  98  6:56  Zergling x10  
  98  7:00  Queen x2  
  98  7:01  Zerg Missile Weapons Level 2  
  104  7:02  Hydralisk  
  104  7:03  Hydralisk  
  94  7:16  Zergling x6  
  92  7:25  Hydralisk x3  
  96  7:35  Queen  
  93  7:37  Zerg Ground Armor Level 2, Grooved Spines  
  93  7:43  Hydralisk x3  
  84  7:58  Drone x4  
  86  8:00  Extractor  
  86  8:02  Zergling x2  
  86  8:03  Zergling x14  
  86  8:04  Queen  
  97  8:11  Hatchery, Overlord x4  
  96  8:16  Extractor  
  96  8:17  Hydralisk  
  97  8:31  Hydralisk  
  97  8:32  Hydralisk x5  
  109  8:41  Hydralisk x4  
  117  9:00  Hydralisk  
  117  9:01  Hydralisk x5  
  117  9:02  Overlord x2  
  129  9:14  Overlord x2  
  129  9:24  Muscular Augments  
  129  9:29  Hydralisk x6  
  141  9:46  Hydralisk  
  141  9:47  Hydralisk x3  
  141  9:49  Zergling x14  
  156  10:04  Infestation Pit  
  156  10:06  Queen x2  
  159  10:07  Hydralisk x2  
  163  10:17  Zergling x2  
  163  10:18  Zergling x6  
  163  10:19  Overlord x2  
  167  10:30  Overlord x2  
  155  10:50  Overseer x2  
  155  10:51  Overseer x4  
  153  10:59  Hydralisk  
  153  11:00  Hydralisk x8  
  169  11:15  Hydralisk x2  
  173  11:21  Hive  
  173  11:26  Queen  
  173  11:28  Hatchery  
  174  11:43  Hydralisk x2  
  174  11:44  Hydralisk x3  
  94  12:43  Drone, Hydralisk  
  91  12:44  Hydralisk x11  
  91  12:46  Queen x3  
  91  12:48  Queen x2  
  117  13:07  Hydralisk x6  
  123  13:18  Hydralisk x2  
  123  13:19  Hydralisk  
  118  13:22  Queen x2  
  108  13:40  Hydralisk x3  
  108  13:41  Hydralisk  
  116  13:50  Spore Crawler  
  116  13:54  Drone x2  
  116  13:55  Drone  
  118  14:06  Hydralisk x4  
  118  14:07  Hydralisk x5  
  118  14:09  Overseer  
  136  14:13  Overseer  
  136  14:14  Overseer  
  136  14:16  Overlord  
  136  14:19  Hydralisk  
  136  14:20  Hydralisk  
  140  14:33  Hydralisk  
  140  14:34  Hydralisk x3  
  140  14:36  Zergling x4  
  151  14:38  Zergling x2  
  151  14:39  Zergling x2  
  151  14:44  Zerg Missile Weapons Level 3  
  96  15:28  Hydralisk x8  
  88  15:29  Hydralisk x6  
  96  15:57  Queen  
  96  15:58  Hydralisk, Queen x4  
  96  15:59  Hydralisk x2  
  96  16:12  Hydralisk  
  96  16:13  Hydralisk x4  
  106  16:33  Hydralisk x5  
  116  16:48  Hydralisk x4  
  102  17:27  Hydralisk  
  102  17:28  Hydralisk x13  
  118  17:38  Queen x2  
  122  17:45  Hydralisk x4  
  122  17:49  Overseer x2  
  130  18:19  Hydralisk x4  
  132  18:20  Hatchery, Hydralisk x2  
  141  18:34  Queen  
  141  18:35  Extractor  
  142  18:48  Overlord x3  
Tags
 
Add a new tag
Caveats
  • Supply blocks, unpowered buildings, or Contaminate may cause inaccurate times.
  • Supply counts are checked every 10 seconds.